 Dungeon Crawl Stone Soup version 0.30-a0-250-g41c1d76940 (webtiles) character file.

Game seed: 14636181967120069628

3508 Iusername the Blocker (level 9, -1/83 HPs)
             Began as a Minotaur Fighter on Oct 12, 2022.
             Was a Priest of Trog.
             Slain by a gnoll
             ... wielding a +0 quarterstaff
             ... led by a gnoll sergeant
              (10 damage)
             ... on level 8 of the Dungeon.
             The game lasted 00:11:43 (7487 turns).

Iusername the Blocker (Minotaur Fighter)            Turns: 7487, Time: 00:11:44

Health: -1/83      AC: 11    Str: 24    XL:     9   Next: 81%
Magic:  8/8        EV: 10    Int:  5    God:    Trog [***...]
Gold:   435        SH:  0    Dex: 11    Spells: 8/8 levels left

rFire   . . .      SeeInvis .    y - +3 trident
rCold   . . .      Faith    .    (no shield)
rNeg    . . .      Spirit   .    b - +0 scale mail
rPois   .          Reflect  .    (helmet restricted)
rElec   .          Harm     .    k - +2 cloak
rCorr   .          Rampage  .    (no gloves)
Will    .....                    (no boots)
Stlth   ..........               (no amulet)
HPRegen 0.33/turn                (no ring)
MPRegen 0.11/turn                (no ring)

@: on berserk cooldown, slowed, studying Polearms, very slow
A: horns 2, retaliatory headbutt
a: Renounce Religion, Berserk, Trog's Hand


You were on level 8 of the Dungeon.
You worshipped Trog.
Trog was most pleased with you.
You visited 1 branch of the dungeon, and saw 8 of its levels.

You collected 435 gold pieces.

Inventory:

Hand Weapons
 a - the +5 arbalest of Xom's Regard {vorpal, rElec rN+ Dex+2}
   (You found it on level 7 of the Dungeon)

   Any ammunition fired from it inflicts extra damage upon your enemies.
   Dex:       It affects your dexterity (+2).
   rElec:     It insulates you from electricity.
   rN:        It protects you from negative energy.
 y - a +3 trident (weapon)
Missiles
 f - 4 throwing nets (quivered)
Armour
 b - a +0 scale mail (worn)
 k - a +2 cloak (worn)
Wands
 d - a wand of flame (15)
 w - a wand of polymorph (6)
Scrolls
 c - a scroll of silence {unknown}
 e - 3 scrolls of enchant weapon {unknown}
 h - a scroll of immolation
 i - a scroll of magic mapping {unknown}
 j - a scroll of vulnerability {unknown}
 l - 2 scrolls of fear
 o - a scroll of noise
 q - 5 scrolls of teleportation
 r - a scroll of brand weapon {unknown}
 x - a scroll of enchant armour {unknown}
Potions
 g - a potion of mutation {unknown}
 m - 3 potions of might
 n - 2 potions of brilliance
 p - 3 potions of lignification
 s - 2 potions of heal wounds
 t - 2 potions of attraction
 u - 5 potions of curing {unknown}
 z - a potion of flight
 A - a potion of haste


   Skills:
 + Level 9.2 Fighting
 + Level 8.8 Axes
 + Level 9.2 Armour
 + Level 9.2 Shields


You had 8 spell levels left.
You didn't know any spells.
Your spell library contained the following spells:

 Spells                   Type           Power      Damage    Failure   Level
 Apportation              Tloc           0%         N/A       75%         1
 Beastly Appendage        Tmut           0%         N/A       75%         1
 Wereblood                Tmut           0%         N/A       86%         2
 Spider Form              Tmut/Pois      0%         N/A       98%         3
 Alistair's Intoxication  Tmut/Pois      0%         N/A       100%        5


Dungeon Overview and Level Annotations

Branches:
Dungeon (8/15)             Temple (0/1) D:4
   Lair: D:8-11

Altars:
Hepliaklqana
Kikubaaqudgha
Nemelex Xobeh
Trog
Xom
The Shining One

Shops:
D:5 *


Innate Abilities, Weirdness & Mutations

You have a pair of horns on your head.
You reflexively headbutt those who attack you in melee.


Message History

Unknown command.
Your unstable footing causes you to fumble your attack.
The orc splashes around in the water.
The orc warrior hits you but does no damage.
The orc wizard closely misses you. The gnoll hits you but does no damage.
The orc barely misses you. You furiously retaliate!
You headbutt the orc.
Unknown command.
You completely miss the orc warrior.
The orc warrior is almost dead.
The orc warrior barely misses you.
The orc wizard hits you but does no damage.
The gnoll barely misses you. The orc hits you with a +0 mace.
The orc wizard hits you but does no damage.
The orc warrior barely misses you. The gnoll hits you but does no damage.
You hit the orc warrior but do no damage.
Your punch misses the orc warrior.
The orc warrior is almost dead.
Your skin stops crawling.
You feel less strong-willed. The orc hits you with a +0 mace.
The orc warrior hits you with a +0 hand axe!
* * * LOW HITPOINT WARNING * * *
The gnoll hits you with a +0 quarterstaff.
* * * LOW HITPOINT WARNING * * *
The orc wizard hits you with a +0 dagger.
* * * LOW HITPOINT WARNING * * *
The gnoll hits you but does no damage.
The orc splashes around in the water.
The orc wizard hits you but does no damage.
The gnoll misses you.
The orc warrior hits you but does no damage.
You closely miss the orc warrior.
The orc warrior is almost dead.
The gnoll hits you from afar with a +0 spear.
* * * LOW HITPOINT WARNING * * *
The orc barely misses you. The orc wizard casts a spell at you.
The puff of flame misses you.
The puff of flame hits the gnoll!
The orc warrior hits you with a +0 hand axe.
* * * LOW HITPOINT WARNING * * *
The gnoll hits you with a +0 quarterstaff!
You die...

#....P~PPP#
#....~P~{~.#
#..$P~~♣P~PP##
#....~♣♣♣♣~.P#
#..~~~♣ P.P#
#..P~~♣ ♣~P~#
###..P)~♣♣♣~P.###
....P~~oo♣~~~....
#.......~@~~P.#
#......##og.....#
#......##g##....#
#......##g.
...).. ......
..## ...## .....
~P.# ...# ####
P~.# ..# ~P..#
..#


You could see an orc warrior, an orc wizard, 3 gnolls and an orc.

Vanquished Creatures
  The ghost of glaedl the Grave Robber, a novice VSNe (D:5)
  A wyvern (D:7)
  A steam dragon (D:8)
  Menkaure (D:6)
  A water moccasin (D:5)
  A black bear (D:4)
  An ice beast (D:6)
  A centaur (D:7)
  2 ogres
  A phantom (D:7)
  2 kobold brigands
  A gnoll sergeant (D:8)
  A necrophage (D:7)
  3 scorpions
  5 wights (D:7)
  6 killer bees (D:7)
  An electric eel (D:8)
  A howler monkey (D:4)
  A gnoll bouda (D:4)
  6 hounds
  A jelly (D:7)
  5 orc priests
  Terence (D:2)
  3 iguanas
  6 orc wizards
  30 gnolls
  9 adders
  A white imp (D:6)
  A worm (D:4)
  3 dart slugs
  45 orcs
  7 ball pythons
  3 bats (D:2)
  3 endoplasms
  2 giant cockroaches
  7 goblins
  6 hobgoblins
  12 jackals (D:4)
  2 frilled lizards
  14 kobolds
  4 rats
203 creatures vanquished.

Vanquished Creatures (others)
  12 plants (D:8)
12 creatures vanquished.

Grand Total: 215 creatures vanquished

Notes
Turn   | Place    | Note
-------+----------+-------------------------------------------
     0 | D:1      | Iusername the Minotaur Fighter began the quest for the Orb.
     0 | D:1      | Reached XP level 1. HP: 19/19 MP: 0/0
   170 | D:1      | Reached XP level 2. HP: 25/27 MP: 1/1
   700 | D:2      | Reached XP level 3. HP: 33/33 MP: 2/2
   781 | D:2      | Found a shimmering altar of Xom.
   908 | D:2      | Noticed Terence
   916 | D:2      | Killed Terence
   917 | D:2      | Reached XP level 4. HP: 35/40 MP: 3/3
   947 | D:2      | Identified the +0 leather armour of the Gloaming {rElec}
  1098 | D:3      | Found a hazy altar of Hepliaklqana.
  1472 | D:3      | Found a faded altar of an unknown god.
  1763 | D:4      | Noticed a black bear
  1769 | D:4      | Killed a black bear
  1770 | D:4      | Reached XP level 5. HP: 47/47 MP: 4/4
  1774 | D:4      | Reached skill level 5 in Fighting
  1774 | D:4      | Reached skill level 5 in Armour
  1774 | D:4      | Reached skill level 5 in Shields
  1796 | D:4      | Reached XP level 6. HP: 56/56 MP: 5/5
  1852 | D:4      | Found a bloodstained altar of Trog.
  2073 | D:4      | Became a worshipper of Trog the Wrathful
  2542 | D:4      | Identified the +4 short sword "Berics" {freeze, *Corrode
                  | rN++ Int+4}
  2551 | D:4      | Reached skill level 5 in Axes
  2557 | D:4      | Reached XP level 7. HP: 49/62 MP: 6/6
  2765 | D:4      | Reached * piety under Trog
  3495 | D:4      | Found a staircase to the Ecumenical Temple.
  3801 | D:5      | Entered Level 5 of the Dungeon
  3812 | D:5      | Reached ** piety under Trog
  3885 | D:5      | Found a runed translucent gate.
  3889 | D:5      | Noticed glaedl's ghost (novice VSNe)
  3890 | D:5      | Found a runed translucent gate.
  3891 | D:5      | Found a runed translucent gate.
  3935 | D:5      | Killed glaedl's ghost
  3936 | D:5      | Reached XP level 8. HP: 71/73 MP: 7/7
  4547 | D:5      | Identified the +2 barding "Imemmur" {rN+ Slay+2}
  4668 | D:5      | Found Wonol's Whimsical Warehouse.
  5109 | D:6      | Identified the +0 robe of Fuuj {rF++ Str+3 Archmagi}
  5125 | D:6      | Found an ancient bone altar of Kikubaaqudgha.
  5402 | D:6      | Noticed Menkaure
  5414 | D:6      | HP: 2/74 [Menkaure (14)]
  5418 | D:6      | Killed Menkaure
  5419 | D:6      | Reached XP level 9. HP: 7/81 MP: 8/8
  5909 | D:6      | Found a sparkling altar of Nemelex Xobeh.
  6304 | D:7      | Identified the +5 arbalest of Xom's Regard {vorpal, rElec
                  | rN+ Dex+2}
  6395 | D:7      | Found a glowing golden altar of the Shining One.
  7270 | D:8      | Reached *** piety under Trog
  7487 | D:8      | Slain by a gnoll

Illustrated notes

Levels and vault maps discovered:
D:1:      dpeg_arrival_fog, layout_loops_cross, serial_glass, glass_columns_b,
          glass_columns_b, glass_columns_a, glass_columns_b, glass_columns_a,
          glass_columns_a, grunt_decor_mini_mirrors, st_stairs_13
D:2:      layout_rooms, basic_altar, chequers_hall_statues_wall_a, uniq_terence
D:3:      layout_basic, mainiacjoe_overflow_paths, basic_ecumenical_altar,
          nrook_loot_triangle
D:4:      lemuel_castle_with_subvaults [lemuel_castle_interior_carwin_3],
          layout_rooms, general_overflow_altar,
          minmay_temple_entry_glassed_door, minmay_misc_feat_columns,
          nicolae_figureground_sparkle
D:5:      layout_basic, gammafunk_ghost_split, minmay_misc_feat_chi,
          nicolae_alphabet_shops, kennysheep_generic_room_15
D:6:      layout_loops_ring, old_standard_altar, nicolae_overflow_hidden_temple,
          uniq_menkaure
D:7:      layout_cave_pods, lemuel_doored_altar
D:8:      layout_basic, serial_bayou, serial_bayou_shore_b, serial_bayou_pond_c,
          serial_bayou_pond_a, serial_bayou_pond_e, hex_intersection

Skill      XL: |  1  2  3  4  5  6  7  8  9 |
---------------+----------------------------+-----
Fighting       | 4 5 7 8 9 |  9.2
Axes           | 3 4 5 6 7 8 |  8.8
Armour         | 4 5 7 8 9 |  9.2
Shields        | 4 5 7 8 9 |  9.2

Action                   |  1- 3 |  4- 6 |  7- 9 || total
-------------------------+-------+-------+-------++-------
Melee: War axe           |    42 |    97 |   238 ||   377
       Headbutt          |     6 |    12 |    44 ||    62
       Punch             |       |       |     4 ||     4
       Trident           |       |       |    90 ||    90
Invok: Berserk           |       |       |     5 ||     5
       Trog's Hand       |       |       |     2 ||     2
  Use: Potion            |       |     3 |     3 ||     6
       Scroll            |       |     8 |     3 ||    11
Armor: Scale mail        |    21 |    65 |   221 ||   307
Dodge: Dodged            |    11 |    61 |   222 ||   294
Block: Buckler           |     3 |       |       ||     3

Table legend: (Time is in decaauts)
 A = Elapsed time spent in this place.
 B = Non-inter-level travel time spent in this place.
 C = Inter-level travel time spent in this place.
 D = Time resting spent in this place.
 E = Time spent auto-exploring this place.
 F = Levels seen in this place.
 G = Mean time per level.
                   A        B        C        D        E       F      G
               +--------+--------+--------+--------+--------+-----+--------+
         Total |   7597 |   7402 |    195 |   1660 |   4301 |   8 |  949.6 |
       Dungeon |   7597 |   7402 |    195 |   1660 |   4301 |   8 |  949.6 |
               +--------+--------+--------+--------+--------+-----+--------+

Top non-repeatable levels by time:
     D:4: 2069 daAuts
     D:6: 1280 daAuts
     D:5: 1212 daAuts
     D:7: 975 daAuts
     D:3: 721 daAuts
     D:1: 676 daAuts
     D:2: 390 daAuts
     D:8: 271 daAuts
